 Dungeon Crawl Stone Soup version 0.20.1-1-g8b1a95d (webtiles) character file.

50 dvd the Scratcher (level 3, 0/15 HPs)
             Began as a Felid Transmuter on Oct 7, 2017.
             Slain by an adder (5 damage)
             ... on level 3 of the Dungeon.
             The game lasted 00:03:30 (1314 turns).

dvd the Scratcher (Felid Transmuter)                Turns: 1314, Time: 00:03:30

Health: 0/15       AC:  1    Str:  6    XL:     3   Next: 55%
Magic:  7/8        EV: 18    Int: 15    God:
Gold:   158        SH:  0    Dex: 16    Spells: 4/7 levels left
                                        Lives:  0   Deaths: 0

rFire    . . .     SeeInvis +     - Unarmed
rCold    . . .     Gourm    .   (shield unavailable)
rNeg     . . .     Faith    .   (armour unavailable)
rPois    .         Spirit   .   (helmet unavailable)
rElec    .         Reflect  .   (cloak unavailable)
rCorr    .         Harm     .   (gloves unavailable)
MR       .....                  (boots unavailable)
Stlth    ++........             (no amulet)
Regen    0.1/turn               (no ring)
MPRegen  0.2/turn               (no ring)

@: appendage, quick
A: no armour, no weapons or thrown items, stealth, claws 1, fangs 3, horns 2,
see invisible, carnivore 3, speed 1, shaggy fur 1, slow metabolism 1, sharp paws
a: End Transformation


You were on level 3 of the Dungeon.
You were completely stuffed.
You had grown temporary horns.
You visited 1 branch of the dungeon, and saw 3 of its levels.

You collected 158 gold pieces.

Inventory:

Missiles
 a - 28 arrows
Wands
 m - a wand of flame (25/48)
Scrolls
 d - a scroll of teleportation {unknown}
 e - a scroll of fear {unknown}
 f - 2 scrolls of identify
 h - 2 scrolls of amnesia {unknown}
 i - 2 scrolls of blinking {unknown}
 j - 2 scrolls of remove curse {unknown}
Potions
 g - a potion of might {unknown}
 l - a potion of lignification
Books
 b - a book of Changes

   Spells                             Type                      Level
   a - Beastly Appendage              Transmutation                1
   b - Sticks to Snakes               Transmutation                2
   c - Spider Form                    Transmutation/Poison         3
   d - Ice Form                       Ice/Transmutation            4
   e - Blade Hands                    Transmutation                5
Comestibles
 c - 3 meat rations
 k - 7 chunks of flesh


   Skills:
 + Level 1.1 Fighting
 + Level 2.9 Dodging
 + Level 1.1 Stealth
 + Level 3.6 Unarmed Combat
 + Level 2.6 Spellcasting
 + Level 2.5 Transmutations


You had 4 spell levels left.
You knew the following spells:

 Your Spells              Type           Power        Failure   Level  Hunger
a - Beastly Appendage     Tmut           #.....       7%          1    #......
b - Sticks to Snakes      Tmut           #.......     11%         2    ##.....


Dungeon Overview and Level Annotations

Branches:
Dungeon (3/15)

Altars:


Innate Abilities, Weirdness & Mutations

You cannot wear armour.
You are incapable of wielding weapons or throwing items.
Your paws allow you to move quietly. (Stealth)
You have sharp claws.
You have razor-sharp teeth.
You have supernaturally acute eyesight. (SInv)
You are carnivorous and can eat meat at any time.
You cover ground quickly.
You are covered in fur. (AC +1)
You have a slow metabolism.
Your sharp claws are effective at attacking unaware monsters.
You have a pair of horns on your head.


Message History

This wand has 26 charges left.
The adder completely misses you.
Evoke which item? (* to show all) (? for menu, Esc to quit)
Aiming: Throw Flame
Press: ? - help, Shift-Dir - straight line, f/p - adder
Aim: an adder (severely wounded)
The puff of flame misses the adder.
This wand has 25 charges left.
The adder bites you.
Casting: Beastly Appendage
Confirm with . or Enter, or press ? or * to list all spells.
You grow a pair of large bovine horns.
The adder misses you.
You barely miss the adder. Your headbutt misses the adder.
The adder is severely wounded.
The adder bites you. The adder misses you.
You closely miss the adder. Your headbutt misses the adder.
The adder is severely wounded.
The adder closely misses you.
You scratch the adder.
The adder is almost dead.
The adder bites you.
You die...

.### # #....
#.#.. ...#
..... ##...
.....####...#
#.........#
##?.%...@S.#
#..........#
.###.......>..#
..........)...#
.........)...#
###.........#
#.........#
##.........#
#..........#


You could see an adder.

Vanquished Creatures
  An ooze (D:1)
  2 dart slugs
  3 orcs (D:3)
  3 goblins
  3 hobgoblins
  3 jackals (D:1)
  A ball python (D:2)
  5 bats
  3 frilled lizards
  2 kobolds
  7 rats
33 creatures vanquished.

Vanquished Creatures (collateral kills)
  An adder (D:2)
  A kobold (D:2)
2 creatures vanquished.

Grand Total: 35 creatures vanquished

Notes
Turn   | Place    | Note
-------+----------+-------------------------------------------
     0 | D:1      | dvd the Felid Transmuter began the quest for the Orb.
     0 | D:1      | Reached XP level 1. HP: 9/9 MP: 4/4
   193 | D:1      | Reached XP level 2. HP: 11/12 MP: 4/6
   697 | D:2      | Reached XP level 3. HP: 14/15 MP: 7/7
   704 | D:2      | Learned a level 2 spell: Sticks to Snakes
  1273 | D:3      | Reached skill level 1 in Stealth
  1314 | D:3      | Slain by an adder

Skill      XL: |  1  2  3 |
---------------+----------+-----
Stealth        | 1 |  1.1
Fighting       | |  1.1
Dodging        | |  2.9
Unarmed Combat | |  3.6
Spellcasting   | |  2.6
Transmutations | |  2.5

Action                   || total
-------------------------++-------
Melee: Unarmed           ||    91
       Punch             ||     2
       Bite              ||    10
       Headbutt          ||     8
 Cast: Beastly Appendage ||    18
       Sticks to Snakes  ||     1
Evoke: Wand              ||     9
  Use: Potion            ||     2
       Scroll            ||     1
 Stab: Sleeping          ||     3
  Eat: Chunk             ||     8
Armor: Skin              ||     7
Dodge: Dodged            ||    80
